 Dungeon Crawl Stone Soup version 0.30-a0-715-gdb4ae3ece1 (webtiles) character file.

Game seed: 13715200974148869850

78 qeuew the Trooper (level 4, 0/37 HPs)
             Began as a Demonspawn Monk on Jan 23, 2023.
             Killed from afar by Ijyb (8 damage)
             ... with a puff of flame
             ... on level 3 of the Dungeon.
             The game lasted 00:02:27 (1580 turns).

qeuew the Trooper (Demonspawn Monk)                 Turns: 1580, Time: 00:02:28

Health: 0/37       AC:  8    Str: 13    XL:     4   Next: 15%
Magic:  4/4        EV: 11    Int: 12    God:
Gold:   99         SH:  0    Dex: 15    Spells: 3/3 levels left

rFire   . . .      SeeInvis .    a - +0 mace
rCold   + . .      Faith    .    (no shield)
rNeg    . . .      Spirit   .    k - +0 ring mail
rPois   .          Reflect  .    (helmet restricted)
rElec   .          Harm     .    f - +2 cloak
rCorr   .          Rampage  .    (no gloves)
Will    .....                    (no boots)
Stlth   +                        (no amulet)
HPRegen 0.26/turn                d - ring of protection from cold
MPRegen 0.09/turn                (no ring)

@: studying Fighting
A: horns 2, demonic magic 1
a: no special abilities


You were on level 3 of the Dungeon.
You visited 1 branch of the dungeon, and saw 3 of its levels.

You collected 99 gold pieces.

Inventory:

Hand Weapons
 a - a +0 mace (weapon)
Armour
 f - a +2 cloak (worn)
 k - a +0 ring mail (worn)
Jewellery
 d - a ring of protection from cold (left hand)
Scrolls
 g - a scroll of blinking
Potions
 c - a potion of ambrosia
 e - a potion of heal wounds
 h - a potion of flight


   Skills:
 + Level 3.7 Fighting
 + Level 3.2 Maces & Flails
 + Level 1.5 Armour
 + Level 3.3 Dodging
 - Level 1.7 Stealth


You had 3 spell levels left.
You didn't know any spells.
Your spell library was empty.

Dungeon Overview and Level Annotations

Branches:
Dungeon (3/15)

Altars:

Annotations:
D:3 Ijyb


Innate Abilities, Weirdness & Mutations

You have a pair of horns on your head.
Spells you cast may paralyse adjacent enemies.


Message History

You are too injured to fight recklessly!
You are too injured to fight recklessly!
You are too injured to fight recklessly!
You are too injured to fight recklessly!
You are too injured to fight recklessly!
You are too injured to fight recklessly!
You are too injured to fight recklessly!
You are too injured to fight recklessly!
You are too injured to fight recklessly!
You closely miss Ijyb.
Ijyb is severely wounded.
The quokka bites you.
The quokka bites you but does no damage.
Ijyb hits you with a +0 club.
* * * LOW HITPOINT WARNING * * *
You hit Ijyb but do no damage.
Ijyb is severely wounded.
The quokka bites you but does no damage.
Ijyb barely misses you.
You barely miss Ijyb.
Ijyb is severely wounded.
The quokka barely misses you. Ijyb barely misses you. The quokka misses you.
You closely miss Ijyb.
Ijyb is severely wounded.
Ijyb zaps a wand.
The puff of flame hits you.
* * * LOW HITPOINT WARNING * * *
The quokka barely misses you. x2; Ijyb zaps a wand.
The puff of flame hits you.
* * * LOW HITPOINT WARNING * * *
You hit Ijyb but do no damage. Your headbutt misses Ijyb.
Ijyb is heavily wounded.
The quokka bites you but does no damage.
Ijyb completely misses you.
You hit Ijyb.
Ijyb is severely wounded.
The quokka bites you but does no damage.
Ijyb hits you but does no damage.
You hit Ijyb but do no damage. Your headbutt misses Ijyb.
Ijyb is severely wounded.
The quokka closely misses you.
Ijyb zaps a wand.
The puff of flame hits you!
You die...

.......
.......##
#<# #.#
#.# .. #.#
#>.###.###
#..r.?.#
#.##@#.#
#..g.#.#
###....#
##.### #.#
#.# #.#
#.#


You could see Ijyb and a quokka.

Vanquished Creatures
  2 adders (D:2)
  4 dart slugs
  9 endoplasms
  4 giant cockroaches
  4 goblins
  3 hobgoblins (D:1)
  2 quokkas
  5 ball pythons
  2 bats (D:1)
  4 kobolds
  11 rats
50 creatures vanquished.

Notes
Turn   | Place    | Note
-------+----------+-------------------------------------------
     0 | D:1      | qeuew the Demonspawn Monk began the quest for the Orb.
     0 | D:1      | Reached XP level 1. HP: 18/18 MP: 1/1
   112 | D:1      | Gained mutation: You have a pair of small horns on your
                  | head. [demonic ancestry]
   112 | D:1      | Reached XP level 2. HP: 24/24 MP: 2/2
   356 | D:1      | Reached skill level 1 in Armour
   428 | D:1      | Gained mutation: You have a pair of horns on your head.
                  | [demonic ancestry]
   428 | D:1      | Reached XP level 3. HP: 29/29 MP: 3/3
   627 | D:1      | Identified a scroll of acquirement
   627 | D:1      | Acquired a manual of Fighting
   937 | D:2      | Gained mutation: Spells you cast may paralyse adjacent
                  | enemies. [demonic ancestry]
   937 | D:2      | Reached XP level 4. HP: 19/37 MP: 4/4
  1562 | D:3      | Noticed Ijyb
  1580 | D:3      | Killed from afar by Ijyb

Illustrated notes

Levels and vault maps discovered:
D:1:      mrwooster_arrival_arrow, layout_rooms
D:2:      layout_rooms
D:3:      layout_basic, lemuel_coloured_pillars_altar, uniq_crazy_yiuf_cottage,
          uniq_sigmund, uniq_ijyb

Skill      XL: |  1  2 |
---------------+-------+-----
Dodging        | 3 |  3.3
Maces & Flails | 3 |  3.2
Armour         | 1 |  1.5
Fighting       | |  3.7
Stealth        | |  1.7

Action                     |  1- 3 |  4- 6 || total
---------------------------+-------+-------++-------
  Melee: Mace              |   127 |    26 ||   153
         Headbutt          |    19 |     2 ||    21
    Use: Potion            |     4 |       ||     4
         Scroll            |     2 |     2 ||     4
   Stab: Sleeping          |     5 |       ||     5
 Armour: Robe              |    22 |     3 ||    25
         Ring mail         |       |     9 ||     9
  Dodge: Dodged            |   118 |    30 ||   148

Table legend: (Time is in decaauts)
 A = Elapsed time spent in this place.
 B = Non-inter-level travel time spent in this place.
 C = Inter-level travel time spent in this place.
 D = Time resting spent in this place.
 E = Time spent auto-exploring this place.
 F = Levels seen in this place.
 G = Mean time per level.
                   A        B        C        D        E       F      G
               +--------+--------+--------+--------+--------+-----+--------+
         Total |   1616 |   1550 |     66 |    100 |   1078 |   3 |  538.7 |
       Dungeon |   1616 |   1550 |     66 |    100 |   1078 |   3 |  538.7 |
               +--------+--------+--------+--------+--------+-----+--------+

Top non-repeatable levels by time:
     D:2: 934 daAuts
     D:1: 654 daAuts
     D:3: 27 daAuts
